 Dungeon Crawl Stone Soup version 0.20-a0-949-g916514f (webtiles) character file.

1754 gottagoquickly the Grappler (level 8, 0/75 HPs)
             Began as a Troll Wanderer on Apr 4, 2017.
             Was a Believer of Zin.
             Slain by a wolf (9 damage)
             ... led by Grum
             ... on level 8 of the Dungeon.
             The game lasted 00:14:02 (2208 turns).

gottagoquickly the Grappler (Troll Wanderer)        Turns: 2208, Time: 00:14:02

Health: 0/75       AC: 11    Str: 19    XL:     8   Next: 78%
Magic:  7/7        EV: 10    Int: 12    God:    Zin [**....]
Gold:   188        SH:  3    Dex:  9    Spells: 7/7 levels left

rFire    . . .     SeeInvis .     - Unarmed
rCold    . . .     Gourm    +   (no shield)
rNeg     . . .     Faith    .   f - +1 robe
rPois    +         Spirit   .   (helmet restricted)
rElec    .         Reflect  +   (no cloak)
rCorr    .         Harm     .   (gloves unavailable)
MR       .....                  (boots unavailable)
Stlth    +.........             t - +3 amulet of reflection
Regen    0.7/turn               k - ring of poison resistance
MPRegen  0.1/turn               q - +5 ring of protection

@: lethally poisoned (0 -> -1)
A: unfitting armour, claws 3, fast metabolism 3, gourmand, regeneration 1,
shaggy fur 1, tough skin 2
a: Recite, Vitalisation, Donate Gold, Renounce Religion


You were on level 8 of the Dungeon.
You worshipped Zin.
Zin was pleased with you.
You were very full.

You visited 1 branch of the dungeon, and saw 8 of its levels.

You collected 208 gold pieces.
You donated 20 gold pieces to Zin.

Inventory:

Hand Weapons
 e - a +1 blowgun
Armour
 f - a +1 robe (worn)
Jewellery
 k - a ring of poison resistance (left claw)
 n - an uncursed ring of protection from cold
 q - a +5 ring of protection (right claw)
 t - a +3 amulet of reflection (around neck)
Wands
 i - a wand of acid (0/15)
Scrolls
 h - 3 scrolls of identify {@r1}
 l - 2 scrolls of teleportation
 o - a scroll of blinking
 w - a scroll of enchant armour
Potions
 j - 3 potions of haste {unknown}
 m - 2 potions of curing {@q1}
 s - a potion of magic {unknown}
 u - 2 potions of ambrosia {unknown}
 v - a potion of heal wounds {@q2}
 z - a potion of degeneration {unknown}
 B - a potion of mutation {unknown}
 C - a potion of brilliance {unknown}
Comestibles
 d - 6 bread rations
 x - 2 royal jellies
 A - 4 chunks of flesh
 D - a meat ration


   Skills:
 + Level 3.1 Fighting
   Level 1.0 Staves
   Level 1.2 Bows
 - Level 1.0 Throwing
 + Level 3.0 Dodging
 - Level 1.0 Stealth
   Level 1.0 Shields
 - Level 10.2 Unarmed Combat


You had 7 spell levels left.
You didn't know any spells.

Dungeon Overview and Level Annotations

Branches:
Dungeon (8/15)             Temple (0/1) D:7
   Lair: D:8-11

Altars:
Ashenzari
Xom
Zin

Shops:
D:2 *

Annotations:
D:3 Sigmund
D:8 Joseph


Innate Abilities, Weirdness & Mutations

You are too large for most types of armour.
You have claws for hands.
Your metabolism is lightning-fast.
You like to eat raw meat.
Your natural rate of healing is unusually fast.
You are covered in fur. (AC +1)
You have very tough skin. (AC +2)


Message History

Evoke which item? (* to show all) (? for menu, Esc to quit)
Aiming: Corrosive Bolt
Press: ? - help, Shift-Dir - straight line, f/p - wolf
Aim: a wolf (severely wounded)
The bolt of acid misses the wolf.
This wand has 1 charge left.
You block the wolf's attack. The wolf bites you.
* * * LOW HITPOINT WARNING * * *
A crimson imp comes into view.
Evoke which item? (* to show all) (? for menu, Esc to quit)
Aiming: Corrosive Bolt
Press: ? - help, Shift-Dir - straight line, f - crimson imp, p - wolf
Aim: a crimson imp The bolt of acid misses the wolf.
The bolt of acid hits the crimson imp.
The crimson imp is splashed with acid.
You kill the crimson imp!
Your Dodging skill increases to level 3!
This wand has 0 charges left.
You hear an angry growl.
The wolf barely misses you. The wolf bites you!
You die...

#.# #.###### #.#
#....<.. #.#
#######..#### #.#
#............ #.#
#.#####..####
#.#####?# #..#
###.......# #..#
#..h####### #..#
#.###@###### #.># h..
#......#####..#
..##.###.............#
#. ##....####........#
# ####†# ##########
#.# #.# ..# ###


You could see a wolf.

Vanquished Creatures
  A hippogriff (D:8)
  An ice beast (D:5)
  A sky beast (D:7)
  A phantom (D:7)
  A wolf (D:8)
  A centaur (D:7)
  3 bullfrogs
  A water moccasin skeleton (D:7)
  4 scorpions
  5 howler monkeys (D:8)
  2 crimson imps
  A jelly (D:7)
  2 bullfrog skeletons
  2 worker ants
  2 iguanas (D:7)
  4 orc wizards
  A hound zombie (D:7)
  6 adders
  A shadow imp (D:7)
  A dart slug (D:3)
  4 leopard geckos
  8 orcs
  6 giant cockroaches
  6 goblins
  8 hobgoblins
  11 jackals
  A quokka (D:7)
  A ball python (D:2)
  4 bats
  4 frilled lizards
  6 kobolds
  6 rats
106 creatures vanquished.

Notes
Turn   | Place    | Note
-------+----------+-------------------------------------------
     0 | D:1      | gottagoquickly the Troll Wanderer began the quest for the Orb.
     0 | D:1      | gottagoquickly set off with: a +2 quarterstaff, a +0 shortbow, 21 arrows, 2 bread rations, a +0 blowgun, a +0 robe, 12 poisoned needles
     0 | D:1      | Reached XP level 1. HP: 19/19 MP: 0/0
    85 | D:1      | Reached skill level 1 in Unarmed Combat
   125 | D:1      | Reached XP level 2. HP: 13/27 MP: 1/1
   170 | D:1      | Reached skill level 2 in Unarmed Combat
   536 | D:2      | Found a shimmering altar of Xom.
   560 | D:2      | Reached XP level 3. HP: 30/33 MP: 2/2
   649 | D:2      | Found a glowing silver altar of Zin.
   652 | D:2      | Found Zin's Purification Station.
   687 | D:2      | Reached skill level 3 in Unarmed Combat
   695 | D:2      | Became a worshipper of Zin the Law-Giver
   736 | D:3      | Reached * piety under Zin
   826 | D:3      | Noticed Sigmund
   898 | D:3      | Reached XP level 4. HP: 12/41 MP: 3/3
   965 | D:2      | Found a shattered altar of Ashenzari.
  1109 | D:3      | Reached skill level 4 in Unarmed Combat
  1281 | D:4      | Reached XP level 5. HP: 48/48 MP: 4/4
  1324 | D:5      | Entered Level 5 of the Dungeon
  1330 | D:5      | Noticed an ice beast
  1344 | D:5      | Killed an ice beast
  1344 | D:5      | Reached skill level 5 in Unarmed Combat
  1415 | D:5      | Reached XP level 6. HP: 55/55 MP: 5/5
  1463 | D:5      | Reached skill level 6 in Unarmed Combat
  1547 | D:6      | Reached ** piety under Zin
  1641 | D:6      | Reached skill level 7 in Unarmed Combat
  1719 | D:7      | Reached XP level 7. HP: 54/62 MP: 6/6
  1773 | D:7      | Reached skill level 8 in Unarmed Combat
  1839 | D:7      | Reached skill level 9 in Unarmed Combat
  1882 | D:8      | Noticed a hippogriff
  1890 | D:8      | Killed a hippogriff
  1890 | D:8      | Reached XP level 8. HP: 46/70 MP: 7/7
  2002 | D:7      | Reached skill level 10 in Unarmed Combat
  2037 | D:8      | Reached skill level 2 in Fighting
  2040 | D:8      | Noticed Joseph
  2132 | D:8      | Reached skill level 2 in Dodging
  2203 | D:8      | Reached skill level 3 in Fighting
  2208 | D:8      | Reached skill level 3 in Dodging
  2208 | D:8      | Slain by a wolf

Vault maps used:
D:1:      matt_arrival_spirals, st_stairs_7, corner_web_ring
D:2:      lemuel_crystal_altar, zin_purify, old_standard_altar, first_bread
D:3:      marbit_many_paths, uniq_sigmund
D:4:      okawaru_trees_1, uniq_eustachio
D:5:      kennysheep_little_box, nicolae_tso_besieged_by_evil,
          nemelex_xobeh_ov_fountains_minmay
D:7:      minmay_temple_entry_enclosed_plants, kennysheep_another_room
D:8:      minmay_separated_statues, hangedman_ranch, uniq_grum, uniq_joseph

Skill      XL: |  1  2  3  4  5  6  7  8 |
---------------+-------------------------+-----
Unarmed Combat | 1 2 3 4 5 7 9 10 | 10.2
Fighting       | 3 |  3.1
Dodging        | 3 |  3.0
Staves         | |  1.0
Bows           | |  1.2
Throwing       | |  1.0
Stealth        | |  1.0
Shields        | |  1.0

Action                   |  1- 3 |  4- 6 |  7- 9 || total
-------------------------+-------+-------+-------++-------
Melee: Quarterstaff      |   115 |       |       ||   115
       Unarmed           |     6 |   111 |   111 ||   228
       Punch             |       |     2 |     6 ||     8
Invok: Recite            |       |     1 |       ||     1
Evoke: Wand              |       |     1 |     4 ||     5
  Use: Potion            |     1 |     2 |       ||     3
       Scroll            |       |     3 |     6 ||     9
 Stab: Sleeping          |       |     2 |       ||     2
  Eat: Chunk             |    13 |     9 |     3 ||    25
Armor: Robe              |    63 |    63 |    35 ||   161
Dodge: Dodged            |    76 |    48 |    41 ||   165
Block: Other             |       |     9 |    10 ||    19
